 Dungeon Crawl Stone Soup version 0.21.0-3-g78d12a8 (webtiles) character file.

140 Ignatius881 the Chopper (level 5, -1/47 HPs)
             Began as a Minotaur Berserker on Jan 13, 2018.
             Was a Believer of Trog.
             Killed by nerve-wracking pain
             ... invoked by Grinder
              (12 damage)
             ... on level 3 of the Dungeon.
             The game lasted 00:03:53 (2202 turns).

Ignatius881 the Chopper (Minotaur Berserker)        Turns: 2202, Time: 00:03:53

Health: -1/47      AC:  5    Str: 22    XL:     5   Next: 2%
Magic:  4/4        EV: 12    Int:  4    God:    Trog [**....]
Gold:   87         SH:  0    Dex: 10    Spells: 4/4 levels left

rFire    . . .     SeeInvis .   a - +0 hand axe
rCold    . . .     Gourm    .   (no shield)
rNeg     . . .     Faith    .   i - +0 ring mail
rPois    .         Spirit   .   (helmet restricted)
rElec    .         Reflect  .   (no cloak)
rCorr    .         Harm     .   (no gloves)
MR       .....                  (no boots)
Stlth    ..........             (no amulet)
HPRegen  0.15/turn              (no ring)
MPRegen  0.09/turn              (no ring)

@: berserk cooldown, slowed, very slow
A: retaliatory headbutt, horns 2
a: Berserk, Trog's Hand, Burn Spellbooks, Renounce Religion


You were on level 3 of the Dungeon.
You worshipped Trog.
Trog was pleased with you.
You were near starving.

You visited 1 branch of the dungeon, and saw 3 of its levels.

You collected 87 gold pieces.

Inventory:

Hand Weapons
 a - a +0 hand axe (weapon)
Missiles
 r - a throwing net (quivered) {!f}
Armour
 b - a +0 animal skin
 i - a +0 ring mail (worn)
   (You found it on level 1 of the Dungeon)
Jewellery
 o - an uncursed ring of poison resistance {unknown}
   (You found it on level 2 of the Dungeon)
Scrolls
 c - a scroll of enchant armour {unknown}
 d - a scroll of random uselessness {unknown}
 g - 5 scrolls of teleportation {unknown}
 h - 2 scrolls of remove curse {unknown}
 j - a scroll of enchant weapon {unknown}
 l - a scroll of fog {unknown}
 n - a scroll of identify {unknown}
 p - a scroll of immolation {unknown}
 s - a scroll of blinking {unknown}
Potions
 f - a potion of agility {unknown}
 k - a potion of magic {unknown}
 m - a potion of curing {unknown}
 q - a potion of heal wounds {unknown}
Comestibles
 e - a ration


   Skills:
 + Level 4.5 Fighting
 * Level 5.2 Axes
 + Level 3.5 Armour
 + Level 3.1 Dodging


You had 4 spell levels left.
You didn't know any spells.

Dungeon Overview and Level Annotations

Branches:
Dungeon (3/15)

Altars:
The Shining One

Annotations:
D:3 Grinder


Innate Abilities, Weirdness & Mutations

You reflexively headbutt those who attack you in melee.
You have a pair of horns on your head.


Message History

You hit the orc. The orc hits you with a mace.
You slash the orc!
You kill the orc!
Trog accepts your kill.
You slash the orc!
You feel the power of Trog in you as your rage grows.
You kill the orc!
Trog accepts your kill. Grinder hits you.
Items here: )) †† a mace; a short sword of holy wrath; an orc corpse x2
You slash Grinder! Your headbutt misses Grinder. You closely miss Grinder.
Your headbutt misses Grinder. Grinder gestures at you.
Pain shoots through your body!
* * * LOW HITPOINT WARNING * * *
You are too injured to fight recklessly!
You are too injured to fight recklessly!
You are too injured to fight recklessly!
You are too injured to fight recklessly!
You are too injured to fight recklessly!
You hit Grinder. You completely miss the orc priest.
Grinder hits you but does no damage.
The orc priest hits you but does no damage.
You slash Grinder! You barely miss the orc priest.
The orc priest completely misses you. Grinder barely misses you.
You barely miss Grinder. You slash the orc priest! You slash Grinder!
Your headbutt misses Grinder. You hit the orc priest.
The orc priest invokes the aid of Beogh against you.
Pain shoots through your body!
* * * LOW HITPOINT WARNING * * *
Grinder says, "You look like you could use a good racking."
Grinder blinks!
You slash the orc priest!
You kill the orc priest!
Trog accepts your kill.
You have reached level 5!
Grinder is nearby!
Calm down first, please.
Grinder blinks!
You feel a strong urge to attack something.
You are no longer berserk.
You are exhausted.
You feel yourself slow down.
Found a scroll labeled NUEQUM AXEHYNN.
You closely miss Grinder.
Grinder blinks!
Grinder says, "DUCK!"
Grinder gestures at you. Pain shoots through your body!
You die...

#............#
#...########.#
# ##<## #.# .#
#.# #.# .# #^#
#.# ..# #?#
#)##.### #.#
#)[....# #.#
#.)#.#.#.# ..#
#.@§5....# ###
##.#.#.###
....?.......#
########.......
..##### ###


You could see Grinder.

Vanquished Creatures
  2 orc priests (D:3)
  3 adders
  A worm (D:2)
  2 dart slugs
  3 leopard geckos
  3 orcs (D:3)
  7 bats
  2 giant cockroaches
  7 goblins
  3 hobgoblins
  A quokka (D:2)
  3 frilled lizards
  5 kobolds
  4 rats
46 creatures vanquished.

Notes
Turn   | Place    | Note
-------+----------+-------------------------------------------
     0 | D:1      | Ignatius881 the Minotaur Berserker began the quest for the Orb.
     0 | D:1      | Reached XP level 1. HP: 19/19 MP: 0/0
   284 | D:1      | Reached XP level 2. HP: 27/27 MP: 1/1
   351 | D:1      | Reached skill level 4 in Axes
  1128 | D:2      | Reached XP level 3. HP: 21/33 MP: 2/2
  1155 | D:2      | Reached ** piety under Trog
  1487 | D:2      | Found a glowing golden altar of the Shining One.
  2093 | D:3      | Reached XP level 4. HP: 36/40 MP: 3/3
  2176 | D:3      | Noticed Grinder
  2184 | D:3      | Reached skill level 5 in Axes
  2197 | D:3      | Reached XP level 5. HP: 15/47 MP: 4/4
  2202 | D:3      | Killed from afar by Grinder

Skill      XL: |  1  2  3  4 |
---------------+-------------+-----
Axes           | 4 5 |  5.2
Fighting       | 4 |  4.5
Armour         | 3 |  3.5
Dodging        | 3 |  3.1

Action                   |  1- 3 |  4- 6 || total
-------------------------+-------+-------++-------
Melee: Hand axe          |    93 |    16 ||   109
       Headbutt          |    14 |       ||    14
Invok: Berserk           |       |     1 ||     1
  Eat: Chunk             |     3 |       ||     3
Armor: Animal skin       |     4 |       ||     4
       Ring mail         |    17 |     3 ||    20
Dodge: Dodged            |    56 |     2 ||    58
